 Dungeon Crawl Stone Soup version 0.21.1-1-g345015f (webtiles) character file.

403 Monsterracer the Firebug (level 6, -4/36 HPs)
             Began as an Octopode Fire Elementalist on Feb 13, 2018.
             Shot with an arrow by a centaur (14 damage)
             ... on level 4 of the Dungeon.
             The game lasted 00:03:39 (3160 turns).

Monsterracer the Firebug (OpFE)                     Turns: 3160, Time: 00:03:40

Health: -4/36      AC:  1    Str:  7    XL:     6   Next: 86%
Magic:  11/11      EV: 13    Int: 20    God:
Gold:   147        SH:  0    Dex: 12    Spells: 3/11 levels left

rFire    . . .     SeeInvis .   v - +0 long sword
rCold    . . .     Gourm    .   (no shield)
rNeg     . . .     Faith    .   (helmet restricted)
rPois    .         Spirit   .   u - amulet of magic regeneration
rElec    .         Reflect  .   r - ring of flight
rCorr    .         Harm     .   (no ring)
MR       .....                  (no ring)
Stlth    +++.......             (no ring)
HPRegen  0.12/turn              (no ring)
MPRegen  0.37/turn              (no ring)
                                (no ring)
                                (no ring)

@: no status effects
A: almost no armour, stealthy swim, amphibious, 8 rings, constrict 8, camouflage
1, gelatinous body 1
a: Evoke Flight


You were on level 4 of the Dungeon.
You were very hungry.

You visited 1 branch of the dungeon, and saw 4 of its levels.

You collected 147 gold pieces.

Inventory:

Hand Weapons
 v - a +0 long sword (weapon)
Missiles
 b - a throwing net (quivered)
Armour
 d - the +3 shield "Emauxuca" {-Cast *Slow Int+9, unknown}
   (You found it on level 4 of the Dungeon)

   It affects your intelligence (+9).
   It prevents spellcasting.
   It may slow you when you take damage.
Jewellery
 r - a ring of flight (left tentacle)
 u - an amulet of magic regeneration (around mantle)
Potions
 e - 4 potions of curing
 f - a potion of lignification {unknown}
 h - a potion of heal wounds {unknown}
 j - 2 potions of agility
 k - a potion of ambrosia {unknown}
 l - a potion of might {unknown}
 m - a potion of resistance {unknown}
 n - a potion of berserk rage {unknown}
 o - a potion of invisibility {unknown}
 q - a potion of degeneration {unknown}
 s - a potion of magic {unknown}
Books
 a - a book of Flames

   Spells                             Type                      Level
   a - Flame Tongue                   Conjuration/Fire             1
   b - Throw Flame                    Conjuration/Fire             2
   c - Conjure Flame                  Conjuration/Fire             3
   d - Inner Flame                    Hexes/Fire                   3
   e - Sticky Flame                   Conjuration/Fire             4
   f - Fireball                       Conjuration/Fire             5
Comestibles
 c - 6 rations


   Skills:
 - Level 2.0 Dodging
 - Level 2.6 Stealth
 + Level 3.3 Spellcasting
 * Level 4.3 Conjurations
 * Level 5.2 Fire Magic


You had 3 spell levels left.
You knew the following spells:

 Your Spells              Type           Power        Failure   Level  Hunger
a - Flame Tongue          Conj/Fire      ###..        1%          1    None
b - Conjure Flame         Conj/Fire      ###.....     6%          3    ###....
c - Sticky Flame          Conj/Fire      ###.....     19%         4    ####...


Dungeon Overview and Level Annotations

Branches:
Dungeon (4/15)
 Temple: D:4-7

Altars:
Gozag
Hepliaklqana
Sif Muna
The Shining One


Innate Abilities, Weirdness & Mutations

You cannot wear most types of armour.
You are very stealthy in the water. (Stealth+)
You are amphibious.
You can wear up to eight rings at the same time.
You can use your tentacles to constrict eight enemies at once.
Your skin changes colour to match your surroundings (Stealth+).
Your rubbery body absorbs attacks. (AC +1, EV +1)


Message History

Press: ? - help, Shift-Dir - straight line, f - scorpion
Aim: a scorpion (resting)
The flame tongue hits the scorpion.
The scorpion is lightly wounded.
You now have 9/10 mp.
Casting: Flame Tongue
Confirm with . or Enter, or press ? or * to list all spells.
Aiming: Flame Tongue
Press: ? - help, Shift-Dir - straight line, f/p - scorpion
Aim: a scorpion (lightly wounded)
The flame tongue hits the scorpion.
The scorpion is severely wounded.
The scorpion stings you but does no damage.
You now have 8/10 mp.
Casting: Flame Tongue
Confirm with . or Enter, or press ? or * to list all spells.
Aiming: Flame Tongue
Press: ? - help, Shift-Dir - straight line, f/p - scorpion
Aim: a scorpion (severely wounded)
The flame tongue hits the scorpion.
You kill the scorpion!
Your Conjurations skill increases to level 4!
Your Fire Magic skill increases to level 5!
A centaur comes into view.
MP restored: 10 A centaur is nearby!
The helpless centaur fails to defend itself.
You hit the centaur.
The centaur is lightly wounded.
The centaur closely misses you. The centaur hits you! The centaur hits you.
You take 13 damage, and have 23/36 hp.
MASSIVE DAMAGE!!
Casting: Flame Tongue
Confirm with . or Enter, or press ? or * to list all spells.
Aiming: Sticky Flame
Press: ? - help, Shift-Dir - straight line, f - centaur
Aim: a centaur The sticky flame hits the centaur.
The centaur is moderately wounded.
The centaur is covered in liquid flames!
You are feeling hungry.
The centaur burns!
The centaur misses you.
You now have 6/10 mp.
Casting: Sticky Flame
Confirm with . or Enter, or press ? or * to list all spells.
Aiming: Sticky Flame
Press: ? - help, Shift-Dir - straight line, f/p - centaur
Aim: a centaur (moderately wounded, covered in liquid flames)
You miscast Sticky Flame.
You are very lightly contaminated with residual magic.
Your skin tingles.
The centaur burns!
The centaur hits you. The centaur closely misses you.
You take 2 damage, and have 21/36 hp.
You now have 2/10 mp.
Casting: Sticky Flame
Confirm with . or Enter, or press ? or * to list all spells.
Aiming: Flame Tongue
Press: ? - help, Shift-Dir - straight line, f/p - centaur
Aim: a centaur (heavily wounded, covered in liquid flames)
The flame tongue hits the centaur.
The centaur is almost dead.
The centaur burns!
The centaur closely misses you.
You riposte.
You barely miss the centaur. Your squeeze misses the centaur.
The centaur is almost dead.
Casting: Flame Tongue
Confirm with . or Enter, or press ? or * to list all spells.
Aiming: Flame Tongue
Press: ? - help, Shift-Dir - straight line, f/p - centaur
Aim: a centaur (almost dead, covered in liquid flames)
The flame tongue hits the centaur.
You kill the centaur!
You now have 1/11 mp.
Things that are here:
a shortbow; 21 arrows There isn't anything to butcher here.
Your magical contamination has completely faded away.
You are feeling very hungry.
You regained 10 hp, and now have 31/36 hp.
MP restored: 11
(D) Dungeon
Where to? (Enter - D:4 @ (x,y), ? - help)
Okay, then.
Unknown command.
(D) Dungeon
Where to? (Enter - D:4 @ (x,y), ? - help)
There is an escape hatch in the floor here.
A centaur comes into view. It is wielding a club.
You regained 2 hp, and now have 33/36 hp.
The centaur shouts!
The centaur unwields an uncursed club.
The centaur wields a shortbow.
The centaur shoots an arrow.
The arrow hits you!
Found 24 arrows.
You see here an arrow.
You take 10 damage, and have 23/36 hp.
MASSIVE DAMAGE!!
The centaur shoots an arrow.
The arrow hits you.
* * * LOW HITPOINT WARNING * * *
The centaur shoots an arrow.
The arrow hits you!
* * * LOW HITPOINT WARNING * * *
You see here 2 arrows.
You take 13 damage, and have 10/36 hp.
MASSIVE DAMAGE!!
The centaur shoots an arrow.
The arrow hits you!
You die...

*** #...* #.#..#........*** ,,*
#..<#####.#..##.##.#### *,*
#..........>..#.......####
*,####.........#...#.##.#.....#
,,........[..........##.#.....#
,,.................#.##...)...#
,,,....(.......##..#.####.....#
,,**##.......>.##..#.#**#.....#
*** ##....(.....@.(#..,,...####
****#....c#######.####*#####
,,.......## #.# **###....* #.#
********* ****#)...** #.#
*,,,,,,,* ,,,.c....,*
*.#**,,,,,,,* **..#....**
*..,,,,,,**,***** ,,.,....#***
*##**,**,**,,,,,, ,,,....(,,,*
*,**,,,,*****


You could see a centaur.

Vanquished Creatures
  The ghost of buskinjo the Cudgeler, an amateur DrSk (D:3)
  A centaur (D:4)
  A scorpion (D:4)
  An iguana (D:4)
  A worker ant (D:3)
  2 adders (D:2)
  3 oozes
  2 worms (D:2)
  4 dart slugs
  A leopard gecko (D:1)
  4 bats
  3 giant cockroaches
  5 goblins
  2 hobgoblins
  2 jackals (D:1)
  6 kobolds
  3 quokkas
  A frilled lizard (D:2)
  A jackal skeleton (D:4)
  5 rats
49 creatures vanquished.

Notes
Turn   | Place    | Note
-------+----------+-------------------------------------------
     0 | D:1      | Monsterracer the Octopode Fire Elementalist began the quest for the Orb.
     0 | D:1      | Reached XP level 1. HP: 11/11 MP: 3/3
   107 | D:1      | Reached XP level 2. HP: 12/17 MP: 0/5
   777 | D:1      | Reached XP level 3. HP: 21/21 MP: 4/6
   782 | D:1      | Learned a level 3 spell: Conjure Flame
  1791 | D:2      | Reached XP level 4. HP: 27/27 MP: 4/7
  2066 | D:2      | Learned a level 4 spell: Sticky Flame
  2318 | D:3      | Noticed buskinjo's ghost (amateur DrSk)
  2381 | D:3      | Killed buskinjo's ghost
  2381 | D:3      | Reached skill level 4 in Fire Magic
  2381 | D:3      | Reached XP level 5. HP: 31/31 MP: 0/9
  2445 | D:3      | Found a hazy altar of Hepliaklqana.
  2445 | D:3      | Found a glowing golden altar of the Shining One.
  2445 | D:3      | Found a deep blue altar of Sif Muna.
  2475 | D:3      | Found an opulent altar of Gozag.
  2640 | D:3      | Reached XP level 6. HP: 36/36 MP: 3/10
  3002 | D:4      | Got a jewelled shield
  3031 | D:4      | Reached skill level 5 in Fire Magic
  3154 | D:4      | HP: 18/36 [centaur/arrow (6)]
  3160 | D:4      | Shot with an arrow by a centaur

Skill      XL: |  1  2  3  4  5  6 |
---------------+-------------------+-----
Conjurations   | 2 3 4 |  4.3
Fire Magic     | 4 5 |  5.2
Spellcasting   | 3 |  3.3
Dodging        | |  2.0
Stealth        | |  2.6

Action                   |  1- 3 |  4- 6 || total
-------------------------+-------+-------++-------
Melee: Unarmed           |     7 |       ||     7
       Constrict         |     4 |     2 ||     6
       Tentacles         |     2 |       ||     2
       Dagger            |     9 |       ||     9
       Long sword        |       |     5 ||     5
 Cast: Flame Tongue      |    47 |    49 ||    96
       Conjure Flame     |       |     4 ||     4
       Sticky Flame      |       |     1 ||     1
  Use: Scroll            |       |     7 ||     7
 Stab: Sleeping          |       |     1 ||     1
  Eat: Chunk             |     3 |     4 ||     7
Armor: Skin              |     4 |     2 ||     6
Dodge: Dodged            |    13 |    10 ||    23
       Rpst.: Long sword |       |     4 ||     4

Vault maps used:
D:1:      shiori_arrival_whats_in_store_for_you
D:2:      nrook_mini_backslash, minmay_pentomino_t4
D:3:      grunt_temple_overflow_cloverleaf, first_ration
D:4:      nicolae_dithmenos_the_darkroom
